AoeStats
← Murdok

Fortress

510411478Analyzed
1v1 RM · 2d ago on Sep 30, 2026· 96m 35s· 2 players
Game mode
Random Map
Map size
Small (3 player)
Population
200
Speed
Normal
Resources
Standard
Victory
Conquest
Starting age
Dark Age
Ending age
Imperial Age
RankedLock teamsTeams togetherTeam positionsShared explorationLock speedFull tech treeHidden civsTurbo modeCheats
Victory
Defeat
🇺🇸 Portuguese · United States
691
+28
🇦🇷 Vietnamese · Argentina
646
-14
Tupac Amaru III
2:31 Loom
7:02 Feudal Age
12:07 Castle Age
10:30 Double-Bit Axe
10:41 Horse Collar
17:02 Town Watch
20:21 Wheelbarrow
22:20 Bow Saw
26:58 Imperial Age
24:57 Gold Mining
25:01 Stone Mining
25:22 Heavy Plow
26:38 Hand Cart
26:40 Fervor
27:54 Town Patrol
29:00 Two-Man Saw
28:37 Crop Rotation
28:04 Pikeman
30:18 Forging
29:59 Fletching
30:09 Padded Archer Armor
30:13 Scale Mail Armor
30:18 Scale Barding Armor
30:44 Conscription
30:25 Arquebus
31:33 Chemistry
30:44 Fortified Wall
32:53 Murder Holes
33:46 Onager
33:57 Halberdier
34:22 Arson
35:25 Iron Casting
34:45 Bodkin Arrow
35:05 Leather Archer Armor
35:07 Chain Mail Armor
35:12 Chain Barding Armor
36:55 Stone Shaft Mining
37:39 Blast Furnace
36:39 Bracer
37:12 Plate Mail Armor
37:17 Plate Barding Armor
36:25 Elite Organ Gun
36:40 Sappers
37:10 Circumnavigation
39:06 Ring Archer Armor
39:00 Ballistics
38:31 Heated Shot
38:21 Treadmill Crane
38:52 Masonry
40:10 Bombard Tower
51:31 Capped Ram
64:06 Cavalier
64:47 Husbandry
64:07 Light Cavalry
64:58 Bloodlines
67:18 Guilds
67:09 Caravan
73:29 Coinage
Murdok
7:49 Feudal Age
8:34 Double-Bit Axe
8:31 Horse Collar
9:37 Gold Mining
14:31 Castle Age
13:22 Loom
14:12 Wheelbarrow
13:23 Town Watch
14:01 Padded Archer Armor
14:14 Fletching
14:38 Crossbowman
15:39 Thumb Ring
15:00 Elite Skirmisher
16:35 Bloodlines
16:56 Heavy Plow
16:29 Elite Skirmisher
16:56 Crossbowman
19:46 Husbandry
20:36 Bow Saw
21:24 Forging
22:28 Hand Cart
25:00 Bodkin Arrow
25:21 Leather Archer Armor
25:42 Iron Casting
25:13 Scale Barding Armor
25:14 Chatras
26:06 Town Patrol
31:49 Chain Barding Armor
36:48 Imperial Age
38:42 Stone Mining
38:14 Arbalester
38:23 Arbalester
40:54 Two-Man Saw
39:30 Imperial Skirmisher
40:55 Guilds
40:12 Elite Battle Elephant
41:47 Crop Rotation
41:57 Stone Shaft Mining
42:39 Bracer
43:10 Ring Archer Armor
43:16 Plate Barding Armor
46:23 Ballistics
47:40 Elite Rattan Archer
48:43 Paper Money
53:48 Chemistry
52:54 Siege Engineers
Connection lost

Rejoining the realm…

Still unreachable

The connection could not be restored.

Session expired

The server has moved on; the page needs a fresh start.